GULF
GALVESTON SAND CRABS @ CLEARWATER THRESHERS
07/21/1982
 
TOP OF THE 1ST
Galveston Sand Crabs batting - Pitching for Clearwater Threshers : RHP Gil Ryan
Pitching: RHP Gil Ryan
Batting: LHB David Dyrek 0-0: Ball
1-0: Ball
2-0: Ground out 4-3 (Groundball, 4S, EV 85.6 MPH)
Batting: RHB Sergio Padilla 0-0: Ball
1-0: Ball
2-0: Called Strike
2-1: Ball
3-1: Base on Balls
Batting: LHB Van Snider 0-0: Ball
Sergio Padilla is caught stealing 2nd base 2-6
1-0: Swinging Strike
1-1: Ball
2-1: Ground out 5-3 (Groundball, 56S, EV 75.6 MPH)
Top of the 1st over - 0 runs, 0 hits, 0 errors, 0 left on base; Galveston 0 - Clearwater 0
BOTTOM OF THE 1ST
Clearwater Threshers batting - Pitching for Galveston Sand Crabs : LHP Michael Dixon
Pitching: LHP Michael Dixon
Batting: LHB Virgilio Silverio 0-0: Called Strike
0-1: Ball
1-1: Foul Ball, location: 2F
1-2: Fly out, F9 (Line Drive, 9, EV 93.1 MPH)
Batting: LHB Tom Jones 0-0: SINGLE (Line Drive, 8RS, EV 110.6 MPH)
Batting: RHB Gregory Norman 0-0: Called Strike
0-1: Fielders Choice at 2nd, 4-6 (Groundball, 4, EV 92.5 MPH)
Batting: RHB Roy Wolfe 0-0: Ball
1-0: Called Strike
1-1: Ball
2-1: Called Strike
2-2: Ball
3-2: Base on Balls
Gregory Norman to second
Batting: RHB Ralph Antone 0-0: Called Strike
0-1: Ball
1-1: Called Strike
1-2: Ball
2-2: Foul Ball, location: 2F
2-2: Ball
3-2: Base on Balls
Gregory Norman to third
Roy Wolfe to second
Batting: RHB Jason Porter 0-0: Ball
1-0: Called Strike
1-1: Swinging Strike
1-2: Foul Ball, location: 2F
1-2: Strikes out swinging
Bottom of the 1st over - 0 runs, 1 hit, 0 errors, 3 left on base; Galveston 0 - Clearwater 0
TOP OF THE 2ND
Galveston Sand Crabs batting - Pitching for Clearwater Threshers : RHP Gil Ryan
Batting: RHB Stephen Fleming 0-0: SINGLE (Groundball, 6MD, EV 101.9 MPH)
Batting: RHB Cayetano Cadahia 0-0: Ball
1-0: Ball
2-0: Called Strike
Stephen Fleming steals 2nd base
2-1: Ball
3-1: Base on Balls
Batting: SHB Darryl Wilks 0-0: Ball
1-0: Foul Ball, location: 2F
1-1: Fly out, F8 (Line Drive, 8RD, EV 102.5 MPH)
Batting: LHB Dave Montanari 0-0: Ball
1-0: SINGLE (Flyball, 78S, EV 83.8 MPH)
Stephen Fleming to third
Cayetano Cadahia to second
Runner from 3rd tries for Home, SAFE, throw by CF to home
Batting: SHB Ricardo Rivera 0-0: Foul Ball, location: 2F
0-1: Called Strike
0-2: Ball
1-2: Foul Ball, location: 2F
1-2: Strikes out swinging
Batting: RHB Wil Muela 0-0: Called Strike
0-1: Swinging Strike
0-2: Strikes out swinging
Top of the 2nd over - 1 run, 2 hits, 0 errors, 2 left on base; Galveston 1 - Clearwater 0
BOTTOM OF THE 2ND
Clearwater Threshers batting - Pitching for Galveston Sand Crabs : LHP Michael Dixon
Batting: RHB Pete Piskol 0-0: Ball
1-0: Called Strike
1-1: Foul Ball, location: 2F
1-2: Ground out 6-3 (Groundball, 6S, EV 90.0 MPH)
Batting: RHB Glenn Swires 0-0: Called Strike
0-1: Ball
1-1: Fly out, F9 (Flyball, 9, EV 75.0 MPH)
Batting: RHB Pedro Hernandez 0-0: Ball
1-0: Ground out 6-3 (Groundball, 4M, EV 88.1 MPH)
Bottom of the 2nd over - 0 runs, 0 hits, 0 errors, 0 left on base; Galveston 1 - Clearwater 0
TOP OF THE 3RD
Galveston Sand Crabs batting - Pitching for Clearwater Threshers : RHP Gil Ryan
Batting: LHB David Dyrek 0-0: Fly out, F5 (Flyball, 5D, EV 84.4 MPH)
Batting: RHB Sergio Padilla 0-0: Swinging Strike
0-1: Foul Ball, location: 2F
0-2: Ball
1-2: Foul Ball, location: 2F
1-2: Foul Ball, location: 2F
1-2: Foul Ball, location: 2F
1-2: Strikes out looking
Batting: LHB Van Snider 0-0: Swinging Strike
0-1: Ground out U3 (Groundball, 3, EV 83.1 MPH)
Top of the 3rd over - 0 runs, 0 hits, 0 errors, 0 left on base; Galveston 1 - Clearwater 0
BOTTOM OF THE 3RD
Clearwater Threshers batting - Pitching for Galveston Sand Crabs : LHP Michael Dixon
Batting: LHB Virgilio Silverio 0-0: Ball
1-0: Fly out, F9 (Flyball, 89D, EV 100.0 MPH)
Batting: LHB Tom Jones 0-0: Ball
1-0: Foul Ball, location: 2F
1-1: Ball
2-1: Foul Ball, location: 2F
2-2: Ground out 5-3 (Groundball, 56, EV 86.9 MPH)
Batting: RHB Gregory Norman 0-0: Called Strike
0-1: Swinging Strike
0-2: DOUBLE (Line Drive, 8LD, EV 96.3 MPH)
Batting: RHB Roy Wolfe 0-0: Called Strike
0-1: Ball
1-1: Called Strike
1-2: DOUBLE (Line Drive, 9LM, EV 107.5 MPH)
Gregory Norman scores
Batting: RHB Ralph Antone 0-0: Called Strike
0-1: Ball
1-1: Ball
2-1: Ball
3-1: Base on Balls
Batting: RHB Jason Porter 0-0: Ball
1-0: Called Strike
1-1: Foul Ball, location: 2F
1-2: Foul Ball, location: 2F
1-2: Strikes out swinging
Bottom of the 3rd over - 1 run, 2 hits, 0 errors, 2 left on base; Galveston 1 - Clearwater 1
TOP OF THE 4TH
Galveston Sand Crabs batting - Pitching for Clearwater Threshers : RHP Gil Ryan
Batting: RHB Stephen Fleming 0-0: Ball
1-0: Ball
2-0: Ground out U3 (Groundball, 34S, EV 68.8 MPH)
Batting: RHB Cayetano Cadahia 0-0: Ground out 6-3 (Groundball, 6, EV 93.8 MPH)
Batting: SHB Darryl Wilks 0-0: Ball
1-0: Ball
2-0: Ball
3-0: Called Strike
3-1: Foul Ball, location: 2F
3-2: Base on Balls
Batting: LHB Dave Montanari 0-0: Called Strike
Darryl Wilks steals 2nd base
0-1: DOUBLE (Flyball, 8RD, EV 111.3 MPH)
Darryl Wilks scores
Batting: SHB Ricardo Rivera 0-0: SINGLE (Line Drive, 8LS, EV 105.6 MPH)
Dave Montanari to third
Runner from 3rd tries for Home, SAFE, throw by CF to home
Ricardo Rivera to second
Batting: RHB Wil Muela 0-0: Swinging Strike
0-1: Swinging Strike
0-2: Foul Ball, location: 2F
0-2: Strikes out swinging
Top of the 4th over - 2 runs, 2 hits, 0 errors, 1 left on base; Galveston 3 - Clearwater 1
BOTTOM OF THE 4TH
Clearwater Threshers batting - Pitching for Galveston Sand Crabs : LHP Michael Dixon
Batting: RHB Pete Piskol 0-0: Foul Ball, location: 2F
0-1: Called Strike
0-2: Strikes out looking
Batting: RHB Glenn Swires 0-0: Foul Ball, location: 2F
0-1: Ball
1-1: Foul Ball, location: 2F
1-2: Fly out, F9 (Flyball, 89S, EV 93.8 MPH)
Batting: RHB Pedro Hernandez 0-0: Called Strike
0-1: Ball
1-1: Reached on error, E8 (Flyball, 8RXD, EV 100.6 MPH)
Batting: LHB Virgilio Silverio 0-0: Called Strike
0-1: SINGLE (Flyball, 34D, EV 90.6 MPH)
Pedro Hernandez to third
Runner from 3rd tries for Home, SAFE, throw by RF to home
Virgilio Silverio to second
Batting: LHB Tom Jones 0-0: Called Strike
0-1: Ball
1-1: Ground out 5-3 (Groundball, 56, EV 79.4 MPH)
Bottom of the 4th over - 1 run, 1 hit, 1 error, 1 left on base; Galveston 3 - Clearwater 2
TOP OF THE 5TH
Galveston Sand Crabs batting - Pitching for Clearwater Threshers : RHP Gil Ryan
Batting: LHB David Dyrek 0-0: Called Strike
0-1: Ball
1-1: Ball
2-1: Called Strike
2-2: Ball
3-2: Foul Ball, location: 2F
3-2: Base on Balls
Batting: RHB Sergio Padilla 0-0: Foul Ball, location: 2F
0-1: Called Strike
0-2: Ball
1-2: Fly out, F9 (Flyball, 89D, EV 95.6 MPH)
Batting: LHB Van Snider 0-0: Called Strike
0-1: Ball
1-1: Foul Ball, location: 2F
1-2: Ball
2-2: Ball
3-2: Foul Ball, location: 2F
3-2: Base on Balls
David Dyrek to second
Batting: RHB Stephen Fleming 0-0: Ball
1-0: Called Strike
David Dyrek steals 3rd base
Van Snider to second
1-1: Called Strike
1-2: Ground out 3-1 (Groundball, 3L, EV 100.6 MPH)
Batting: RHB Cayetano Cadahia 0-0: Called Strike
0-1: Ball
1-1: Called Strike
1-2: Foul Ball, location: 2F
1-2: Fly out, F9 (Flyball, 9D, EV 95.6 MPH)
Top of the 5th over - 0 runs, 0 hits, 0 errors, 2 left on base; Galveston 3 - Clearwater 2
BOTTOM OF THE 5TH
Clearwater Threshers batting - Pitching for Galveston Sand Crabs : LHP Michael Dixon
Batting: RHB Gregory Norman 0-0: Ball
1-0: Ball
2-0: Ball
3-0: Called Strike
3-1: Foul Ball, location: 2F
3-2: Foul Ball, location: 2F
3-2: Base on Balls
Batting: RHB Roy Wolfe 0-0: Called Strike
0-1: Grounds into double play, 6-4-3 (Groundball, 6, EV 90.6 MPH)
Batting: RHB Ralph Antone 0-0: Ball
1-0: Called Strike
1-1: Foul Ball, location: 2F
1-2: Fly out, F7 (Flyball, 7LS, EV 93.1 MPH)
Bottom of the 5th over - 0 runs, 0 hits, 0 errors, 0 left on base; Galveston 3 - Clearwater 2
TOP OF THE 6TH
Galveston Sand Crabs batting - Pitching for Clearwater Threshers : RHP Gil Ryan
Batting: SHB Darryl Wilks 0-0: Ball
1-0: Ball
2-0: Fly out, F8 (Flyball, 78D, EV 101.9 MPH)
Batting: LHB Dave Montanari 0-0: Called Strike
0-1: Ball
1-1: Ball
2-1: Ball
3-1: Foul Ball, location: 2F
3-2: Strikes out swinging
Batting: SHB Ricardo Rivera 0-0: Called Strike
0-1: Swinging Strike
0-2: Ball
1-2: Ground out 1-3 (Groundball, 13S, EV 66.3 MPH)
Top of the 6th over - 0 runs, 0 hits, 0 errors, 0 left on base; Galveston 3 - Clearwater 2
BOTTOM OF THE 6TH
Clearwater Threshers batting - Pitching for Galveston Sand Crabs : LHP Michael Dixon
Batting: RHB Jason Porter 0-0: Called Strike
0-1: Called Strike
0-2: Fly out, F6 (Popup, 6, EV 61.3 MPH)
Batting: RHB Pete Piskol 0-0: Ball
1-0: Ball
2-0: Called Strike
2-1: Swinging Strike
2-2: Foul Ball, location: 2F
2-2: Foul Ball, location: 2F
2-2: Ball
3-2: Fly out, F8 (Flyball, 8RD, EV 85.6 MPH)
Batting: RHB Glenn Swires 0-0: Ball
1-0: Fly out, F7 (Flyball, 7D, EV 85.6 MPH)
Bottom of the 6th over - 0 runs, 0 hits, 0 errors, 0 left on base; Galveston 3 - Clearwater 2
TOP OF THE 7TH
Galveston Sand Crabs batting - Pitching for Clearwater Threshers : RHP Gil Ryan
Batting: RHB Wil Muela 0-0: Ball
1-0: Swinging Strike
1-1: Ball
2-1: Ground out 4-3 (Groundball, 4, EV 108.8 MPH)
Batting: LHB David Dyrek 0-0: Called Strike
0-1: Ball
1-1: Ball
2-1: Foul Ball, location: 2F
2-2: Ground out 6-3 (Groundball, 6S, EV 65.0 MPH)
Batting: RHB Sergio Padilla 0-0: Ball
1-0: Called Strike
1-1: Foul Ball, location: 2F
1-2: Ball
2-2: Ball
3-2: Base on Balls
Batting: LHB Van Snider 0-0: Called Strike
0-1: Called Strike
0-2: Ball
Sergio Padilla steals 2nd base
1-2: Foul Ball, location: 2F
1-2: Foul Ball, location: 2F
1-2: Ball
2-2: Strikes out looking
Top of the 7th over - 0 runs, 0 hits, 0 errors, 1 left on base; Galveston 3 - Clearwater 2
BOTTOM OF THE 7TH
Clearwater Threshers batting - Pitching for Galveston Sand Crabs : LHP Michael Dixon
Batting: RHB Pedro Hernandez 0-0: Called Strike
0-1: Ground out 4-3 (Groundball, 4, EV 87.5 MPH)
Batting: LHB Virgilio Silverio 0-0: Ball
1-0: Swinging Strike
1-1: Swinging Strike
1-2: Ground out 6-3 (Groundball, 56, EV 110.6 MPH)
Batting: LHB Tom Jones 0-0: Bunt for hit to 5S - play at first, batter safe!
Batting: RHB Gregory Norman 0-0: Ball
1-0: Called Strike
1-1: Foul Ball, location: 2F
1-2: Ball
2-2: Ball
Tom Jones steals 2nd base (no throw)
3-2: Base on Balls
Batting: RHB Roy Wolfe 0-0: Ball
1-0: Ball
2-0: Fielders Choice at 2nd, 5-4 (Groundball, 56, EV 81.3 MPH)
Bottom of the 7th over - 0 runs, 1 hit, 0 errors, 2 left on base; Galveston 3 - Clearwater 2
TOP OF THE 8TH
Galveston Sand Crabs batting - Pitching for Clearwater Threshers : RHP Gil Ryan
Batting: RHB Stephen Fleming 0-0: Foul Ball, location: 2F
0-1: Ball
1-1: Fly out, F8 (Line Drive, 8RM, EV 91.9 MPH)
Batting: RHB Cayetano Cadahia 0-0: Ball
1-0: Ball
2-0: Called Strike
2-1: Foul Ball, location: 2F
2-2: Fly out, F8 (Flyball, 89XD, EV 91.3 MPH)
Batting: SHB Darryl Wilks 0-0: Called Strike
0-1: Called Strike
0-2: Strikes out swinging
Top of the 8th over - 0 runs, 0 hits, 0 errors, 0 left on base; Galveston 3 - Clearwater 2
BOTTOM OF THE 8TH
Clearwater Threshers batting - Pitching for Galveston Sand Crabs : LHP Michael Dixon
Batting: RHB Ralph Antone 0-0: Fly out, F8 (Line Drive, 8LM, EV 99.4 MPH)
Batting: RHB Jason Porter 0-0: Fly out, F9 (Flyball, 8RS, EV 92.5 MPH)
Batting: RHB Pete Piskol 0-0: Called Strike
0-1: Ball
1-1: Swinging Strike
1-2: Strikes out swinging
Bottom of the 8th over - 0 runs, 0 hits, 0 errors, 0 left on base; Galveston 3 - Clearwater 2
TOP OF THE 9TH
Galveston Sand Crabs batting - Pitching for Clearwater Threshers : RHP Gil Ryan
Pitching: RHP Leslie Rizenman
Batting: LHB Dave Montanari 0-0: SINGLE (Groundball, 34D, EV 111.3 MPH)
Batting: SHB Ricardo Rivera 0-0: Ball
1-0: Fly out, F7 (Flyball, 7LM, EV 78.8 MPH)
Batting: RHB Wil Muela 0-0: Ball
1-0: Called Strike
1-1: Foul Ball, location: 2F
1-2: SINGLE (Groundball, 25, EV 69.4 MPH) (infield hit)
Dave Montanari to second
Batting: LHB David Dyrek 0-0: Ball
1-0: Ball
2-0: Swinging Strike
2-1: Ball
3-1: Base on Balls
Dave Montanari to third
Wil Muela to second
Batting: RHB Sergio Padilla 0-0: Ball
1-0: Ball
2-0: Ball
3-0: Called Strike
3-1: Base on Balls
Dave Montanari scores
Wil Muela to third
David Dyrek to second
Batting: LHB Van Snider 0-0: Foul Ball, location: 2F
0-1: Foul Ball, location: 2F
0-2: Strikes out swinging
Batting: RHB Stephen Fleming 0-0: Foul Ball, location: 2F
0-1: Ball
1-1: Foul Ball, location: 2F
1-2: Foul Ball, location: 2F
1-2: Strikes out swinging
Top of the 9th over - 1 run, 2 hits, 0 errors, 3 left on base; Galveston 4 - Clearwater 2
BOTTOM OF THE 9TH
Clearwater Threshers batting - Pitching for Galveston Sand Crabs : LHP Michael Dixon
Pitching: RHP Xavier Tovar
Now at 1B: Roman Musselwhite
Batting: RHB Glenn Swires 0-0: Ball
1-0: Swinging Strike
1-1: SOLO HOME RUN (Flyball, 7D, EV 107.5 MPH), Distance : 385 ft
Pinch Hitting: SHB Craig Smajstrla 0-0: Ball
1-0: SINGLE (Groundball, 4M, EV 100.6 MPH) (infield hit)
Batting: LHB Virgilio Silverio 0-0: Bunted foul
0-1: Ball
1-1: Bunt missed!
1-2: Fielders Choice at 2nd, 6-4 (Groundball, 56, EV 86.3 MPH)
Batting: LHB Tom Jones 0-0: Ball
1-0: Ball
2-0: Foul Ball, location: 2F
2-1: Foul Ball, location: 2F
2-2: Foul Ball, location: 2F
2-2: Strikes out swinging
Batting: RHB Gregory Norman 0-0: Ball
1-0: Called Strike
1-1: Ball
2-1: Ground out 5-3 (Groundball, 56S, EV 65.0 MPH)
Bottom of the 9th over - 1 run, 2 hits, 0 errors, 1 left on base; Galveston 4 - Clearwater 3
Monday, August 17th, 2020 - OOTP Baseball 21.5 Build 76